 Dungeon Crawl Stone Soup version bcrawl-1.27.8b (webtiles) character file.

Game seed: 2760735323988156633

172391 MisterOstroum the Skirmisher (level 4, -2/30 HPs)
             Began as a Vine Stalker Wanderer on Oct 29, 2020.
             Slain by an orc priest
             ... wielding a +0 flail
              (10 damage)
             ... on level 3 of the Dungeon.
             The game lasted 00:02:49 (1485 turns).

MisterOstroum the Skirmisher (VSWn)                 Turns: 1485, Time: 00:02:49

Health: -2/30      AC:  5    Str: 14    XL:     4   Next: 97%
Magic:  5/5        EV: 10    Int: 15    God:
Gold:   282        SH:  0    Dex: 12    Spells: 3/3 levels left

rFire    . . .     SeeInvis .   a - +0 dagger (venom)
rCold    . . .     Gourm    .   (no shield)
rNeg     . . .     Faith    .   c - +0 ring mail
rPois    .         Spirit   .   (no helmet)
rElec    .         Reflect  .   (no cloak)
rCorr    .         Harm     .   (no gloves)
MR       .....                  (no boots)
Stlth    +.........             (no amulet)
HPRegen  0.50/turn              (no ring)
MPRegen  0.09/turn              (no ring)

@: no status effects
A: fangs 2, regeneration 1, no potion heal 3, rot immunity, strong jaws
a: no special abilities


You were on level 3 of the Dungeon.
You were hungry.

You visited 1 branch of the dungeon, and saw 3 of its levels.

You collected 282 gold pieces.

Inventory:

Hand Weapons
 a - a +0 dagger of venom (weapon)
 b - a +0 hunting sling of flaming
 l - a +0 dagger
 o - a +0 club
 t - a +0 short sword
 u - a +0 long sword
 E - a +0 dagger of chaos
Missiles
 i - 685 sling bullets
 k - 96 steel javelins (quivered)
 n - 465 stones
 q - 181 arrows
 y - 83 poisoned tomahawks
 z - 64 poisoned needles
Armour
 c - a +0 ring mail (worn)
 F - a +0 leather armour
Wands
 D - a wand of polymorph (5)
Scrolls
 f - a scroll of summoning
 g - 2 scrolls of remove curse {unknown}
 j - 3 scrolls of identify {@r1}
 p - a scroll of noise {unknown}
 r - 3 scrolls of immolation
 s - 3 scrolls of blinking {@r4}
 w - a scroll of fear {unknown}
 A - a scroll of enchant weapon {unknown}
 C - a scroll of teleportation {unknown}
Potions
 d - a potion of berserk rage
 h - 3 potions of curing {@q1 !q}
 m - a potion of brilliance
 v - a potion of heal wounds {unknown}
 x - 4 potions of mutation
Comestibles
 e - 3 rations {!d}
 B - 2 chunks of flesh


   Skills:
 - Level 4.5 Fighting
 * Level 3.3 Short Blades
 - Level 1.0 Maces & Flails
 - Level 1.7 Throwing
 - Level 1.0 Armour
 - Level 3.0 Stealth
 - Level 1.0 Unarmed Combat


You had 3 spell levels left.
You didn't know any spells.
Your spell library was empty.

Dungeon Overview and Level Annotations

Branches:
Dungeon (3/12)

Altars:


Innate Abilities, Weirdness & Mutations

You have extremely sharp teeth.
Your natural rate of healing is unusually fast.
Potions cannot restore your health.
You are immune to rotting.
Your bites deal extra damage.


Message History

Things that are here:
a +0 hunting sling; the goblin skeleton of Ijyb Your transformation is almost over.
s - 3 scrolls of blinking {@r4} (gained 1) Eating one of 2 chunks of flesh.
You eat one of the 2 chunks of flesh.
This raw flesh tastes terrible.
HP restored.
j - 3 scrolls of identify {@r1} (gained 1)
Your transformation has ended.
Your +0 hunting sling of flaming unmelds from your body.
Your +0 ring mail unmelds from your body.
Your +0 hunting sling of flaming bursts into flame!
You now have 282 gold pieces (gained 10).
A bat comes into view.
A bat is nearby!
Firing (i - inventory. (/) - cycle)
i - 687 sling bullets (quivered)
Press: ? - help, Shift-Dir - straight line, f - bat
Aim: a bat (resting)
You shoot a sling bullet. The sling bullet hits the bat.
The bat is moderately wounded.
Firing (i - inventory. (/) - cycle)
i - 686 sling bullets (quivered)
Press: ? - help, Shift-Dir - straight line, f/p - bat
Aim: a bat (moderately wounded)
You shoot a sling bullet. The sling bullet hits the bat.
You kill the bat!
No target in view!
No target in view!
No target in view!
No target in view!
No target in view!
No target in view!
No target in view!
You butcher the bat corpse.
B - 2 chunks of flesh (gained 1)
You see here a bat skeleton. x2
An orc and an orc priest come into view.
You have encountered a dangerous foe!
The orc shouts!
The orc priest shouts!
You hear a shout! x3
The orc priest moves out of view.
You hear an angry hiss.
You hear a shout!
An orc comes into view.
It is wielding a +0 hand axe of chopping.
The orc moves out of view.
Your +0 hunting sling of flaming stops flaming.
Your +0 dagger of venom begins to drip with poison!
a - a +0 dagger of venom (weapon)
You start waiting.
The orc is too close now for your liking.
The orc misses you.
The orc priest invokes the aid of Beogh against you.
Beogh smites you!
You are too injured to fight recklessly!
You are too injured to fight recklessly!
You hit the orc.
The orc is poisoned.
The orc is heavily wounded.
The orc hits you with a +0 flail.
You hit the orc but do no damage.
The orc is heavily wounded.
The orc barely misses you.
You hit the orc.
You kill the orc!
The orc closely misses you.
The orc priest mumbles some strange prayers to Beogh against you.
Beogh smites you!
You hear a shout!
Things that are here:
a +0 flail; a +0 leather armour; an orc corpse You hit the orc but do no damage.
The orc is poisoned.
You hear a shout!
You hit the orc.
The orc looks more poisoned.
Your bite misses the orc.
The orc is almost dead.
The orc hits you with a +0 hand axe of chopping.
* * * LOW HITPOINT WARNING * * *
x2 You hit the orc but do no damage.
The orc is almost dead.
You kill the orc!
The orc priest hits you but does no damage.
Items here: )) [[ †† You barely miss the orc priest.
Your bite misses the orc priest. The orc priest barely misses you.
You hit the orc priest.
The orc priest is poisoned.
The orc priest is lightly wounded.
The orc priest hits you with a +0 flail.
* * * LOW HITPOINT WARNING * * *
You hit the orc priest. Your bite misses the orc priest.
The orc priest is moderately wounded.
Okay, then.
Unknown command.
You are feeling hungry.
You closely miss the orc priest.
The orc priest is heavily wounded.
The orc priest barely misses you.
You closely miss the orc priest.
The orc priest is heavily wounded.
The orc priest closely misses you.
You closely miss the orc priest. Your bite misses the orc priest.
The orc priest is heavily wounded.
You closely miss the orc priest.
The orc priest is heavily wounded.
The orc priest hits you with a +0 flail!
You die...

.#. ... .. .. .#
.######
#######......?
..##.....@o...#
##..##.########.#
#...##.# #.#.##.#
#.#.##÷# #.#.##.#
#.#.##.# #.#.##.#
.# #..#.#.##.#


You could see an orc priest.

Vanquished Creatures
  Ijyb (D:3)
  2 adders
  5 oozes
  A dart slug (D:2)
  A leopard gecko (D:2)
  3 orcs (D:3)
  4 bats
  7 giant cockroaches
  3 hobgoblins
  A quokka (D:2)
  A ball python (D:1)
  A frilled lizard (D:2)
  2 goblins (D:1)
  9 kobolds
  5 rats
46 creatures vanquished.

Notes
Turn   | Place    | Note
-------+----------+-------------------------------------------
     0 | D:1      | MisterOstroum the Vine Stalker Wanderer began the quest for
                  | the Orb.
     0 | D:1      | MisterOstroum set off with the following items: a +0 club,
                  | a scroll of blinking {@r4}, a +0 ring mail, a potion of
                  | berserk rage, a ration {!d}, a scroll of summoning
     0 | D:1      | Reached XP level 1. HP: 16/16 MP: 2/2
     8 | D:1      | Reached skill level 1 in Stealth
    50 | D:1      | Reached XP level 2. HP: 20/20 MP: 3/3
   388 | D:1      | Reached skill level 1 in Short Blades
   393 | D:1      | Reached XP level 3. HP: 24/24 MP: 4/4
   852 | D:2      | Reached XP level 4. HP: 30/30 MP: 5/5
  1371 | D:3      | Noticed Ijyb
  1396 | D:3      | Killed Ijyb
  1485 | D:3      | Slain by an orc priest

Skill      XL: |  1  2  3  4 |
---------------+-------------+-----
Stealth        | 2 3 |  3.0
Short Blades   | 1 2 3 |  3.3
Fighting       | |  4.5
Maces & Flails | |  1.0
Throwing       | |  1.7
Armour         | |  1.0
Unarmed Combat | |  1.0

Action                   |  1- 3 |  4- 6 || total
-------------------------+-------+-------++-------
Melee: Club              |    33 |       ||    33
       Dagger            |    77 |    62 ||   139
       Bite              |     4 |     6 ||    10
       Unarmed           |       |     5 ||     5
       Punch             |       |     1 ||     1
 Fire: Hunting sling     |       |    13 ||    13
  Use: Scroll            |     3 |     1 ||     4
 Stab: Sleeping          |     2 |       ||     2
  Eat: Chunk             |     2 |     4 ||     6
Armor: Ring mail         |    40 |    20 ||    60
Dodge: Dodged            |    74 |    37 ||   111
